AoeStats
← RIP

Nomad

510654812Analyzed
4v4 RM · 16d ago on Oct 2, 2026· 76m 49s· 8 players
Game mode
Random Map
Map size
231×231
Population
200
Speed
Normal
Resources
Standard
Victory
Conquest
Starting age
Dark Age
Ending age
Imperial Age
RankedLock teamsTeams togetherTeam positionsShared explorationLock speedFull tech treeHidden civsTurbo modeCheats
Victory
Defeat
🇺🇸 Huns · United States
808
+14
🇨🇳 Japanese · China
788
+15
🇨🇳 Teutons · China
756
+16
🇯🇵 Persians · Japan
733
+16
vs
🇵🇪 Cumans · Peru
766
-16
🇲🇽 Persians · Mexico
758
-15
🇵🇪 Teutons · Peru
757
-15
🇫🇷 Franks · France
746
-15
RIP
15:17 Feudal Age
16:02 Double-Bit Axe
16:28 Horse Collar
25:48 Castle Age
25:17 Stone Mining
25:19 Gold Mining
27:17 Bow Saw
27:10 Heavy Plow
37:34 Forging
37:25 Scale Mail Armor
37:30 Scale Barding Armor
42:29 Imperial Age
40:37 Wheelbarrow
42:20 Squires
41:40 Pikeman
43:00 Iron Casting
42:40 Chain Mail Armor
42:47 Chain Barding Armor
43:56 Conscription
45:13 Blast Furnace
44:20 Halberdier
47:05 Chemistry
49:41 Cavalier
50:07 Elite Teutonic Knight
57:31 Paladin
68:17 Hand Cart
70:14 Plate Barding Armor
70:11 Plate Mail Armor
Xi
4:55 Loom
16:58 Feudal Age
18:15 Wheelbarrow
17:24 Horse Collar
19:38 Double-Bit Axe
29:11 Castle Age
30:32 Hand Cart
30:51 Stone Mining
31:28 Pikeman
33:30 Capped Ram
38:13 Bow Saw
39:39 Squires
43:05 Gold Mining
43:36 Heavy Plow
47:49 Imperial Age
47:50 Scale Mail Armor
50:58 Halberdier
54:08 Elite Kipchak
59:45 Chemistry
60:15 Crop Rotation
65:06 Man-at-Arms
66:09 Long Swordsman
67:02 Two-Handed Swordsman
69:53 Champion
Rompe--Anos
3:57 Loom
17:57 Feudal Age
21:52 Castle Age
23:46 Double-Bit Axe
25:11 Scale Barding Armor
33:34 Horse Collar
35:21 Fishing Lines
40:30 Imperial Age
39:17 Pikeman
40:11 Bloodlines
40:40 Heavy Plow
40:11 Heavy Camel Rider
41:06 Halberdier
44:30 Capped Ram
45:28 Forging
47:01 Bow Saw
47:24 Crop Rotation
51:25 Iron Casting
53:45 Elite War Elephant
54:48 Conscription
62:31 Chain Barding Armor
63:13 Blast Furnace
68:40 Plate Barding Armor
68:19 Citadels
72:17 Two-Man Saw
Point and Click
6:47 Loom
15:58 Feudal Age
16:40 Double-Bit Axe
17:42 Town Watch
22:12 Man-at-Arms
24:56 Forging
24:47 Scale Mail Armor
24:46 Arson
28:00 Castle Age
29:12 Fletching
29:12 Long Swordsman
29:46 Gambesons
30:29 Squires
29:50 Pikeman
34:47 Bodkin Arrow
37:17 Bow Saw
39:02 Padded Archer Armor
41:40 Imperial Age
44:15 Cranequins
46:41 Heavy Mounted Crossbowman
50:08 Ballistics
50:57 Chemistry
56:40 Iron Casting
56:22 Chain Mail Armor
56:14 Halberdier
57:41 Two-Handed Swordsman
60:21 Onager
61:28 Siege Engineers
70:39 Scale Barding Armor
71:35 Blast Furnace
70:27 Cavalier
71:07 Husbandry
hmbrick
20:09 Feudal Age
21:28 Double-Bit Axe
25:47 Castle Age
23:47 Stone Mining
23:50 Gold Mining
23:45 Horse Collar
25:24 Bloodlines
25:10 Fishing Lines
27:12 Gold Shaft Mining
26:53 Bow Saw
27:55 Heavy Plow
28:48 Marauders
29:04 Gillnets
29:11 Town Watch
31:20 Wheelbarrow
33:09 Clinker Construction
34:01 Hand Cart
38:05 Imperial Age
35:48 Caravan
37:18 Husbandry
39:10 Conscription
40:31 Scale Barding Armor
40:39 Forging
42:17 Elite Tarkan
46:29 Town Patrol
47:16 Town Patrol
51:53 Chain Barding Armor
kokokun
18:41 Feudal Age
26:26 Castle Age
25:24 Double-Bit Axe
25:21 Horse Collar
25:47 Gold Mining
27:10 Bow Saw
27:03 Heavy Plow
27:01 Fishing Lines
28:51 Wheelbarrow
28:02 Loom
29:25 Gillnets
30:43 Stone Mining
33:27 Gold Shaft Mining
36:53 Imperial Age
37:40 Kamandaran
38:51 Bloodlines
38:44 Husbandry
39:44 Stone Shaft Mining
39:10 Cavalier
40:27 Crop Rotation
41:03 Two-Man Saw
39:45 Crossbowman
40:53 Parthian Tactics
41:31 Thumb Ring
43:59 Padded Archer Armor
43:49 Fletching
44:05 Scale Barding Armor
44:11 Forging
46:08 Hoardings
45:44 Citadels
47:37 Elite War Elephant
52:05 Chain Barding Armor
52:21 Iron Casting
51:41 Bodkin Arrow
52:02 Leather Archer Armor
53:34 Plate Barding Armor
60:03 Hand Cart
60:55 Blast Furnace
76:17 Herbal Medicine
疯踹瘸子好腿
14:38 Feudal Age
14:56 Loom
19:01 Castle Age
18:58 Double-Bit Axe
22:20 Bow Saw
21:53 Horse Collar
30:00 Heavy Plow
31:11 Thumb Ring
fighter7928
5:51 Loom
15:50 Feudal Age
16:43 Double-Bit Axe
20:12 Gold Mining
20:17 Man-at-Arms
23:54 Castle Age
24:11 Long Swordsman
24:37 Gambesons
27:55 Bloodlines
29:48 Forging
30:52 Wheelbarrow
34:39 Hand Cart
34:54 Scale Barding Armor
38:31 Imperial Age
36:54 Stone Mining
37:40 Ballistics
38:49 Cavalier
40:12 Chain Barding Armor
42:16 Plate Barding Armor
42:16 Iron Casting
44:56 Siege Engineers
45:20 Heavy Scorpion
46:29 Crenellations
47:59 Bow Saw
50:04 Ironclad
51:19 Fletching
52:30 Blast Furnace
51:32 Scale Mail Armor
52:32 Elite Teutonic Knight
54:05 Bodkin Arrow
58:42 Paladin
61:20 Chemistry
60:58 Ironclad
60:59 Conscription
61:16 Hoardings
60:57 Masonry
62:32 Chain Mail Armor
64:47 Pikeman
65:27 Squires
65:13 Arson
65:39 Halberdier
72:59 Two-Man Saw
Connection lost

Rejoining the realm…

Still unreachable

The connection could not be restored.

Session expired

The server has moved on; the page needs a fresh start.